 Dungeon Crawl Stone Soup version 0.29.1-14-g9c671dbff4 (webtiles) character file.

Game seed: 2555826289596238216

772 javelincjr the Magician (level 7, -6/37 HPs)
             Began as a Deep Elf Conjurer on Feb 13, 2023.
             Mangled by a kobold
             ... wielding a +0 dagger of distortion
              (15 damage)
             ... on level 5 of the Dungeon.
             The game lasted 00:21:00 (4610 turns).

javelincjr the Magician (Deep Elf Conjurer)         Turns: 4610, Time: 00:21:00

Health: -6/37      AC:  4    Str:  6      XL:     7   Next: 53%
Magic:  24/28      EV: 13    Int: 22 (23) God:
Gold:   231        SH:  5    Dex: 13      Spells: 9/20 levels left

rFire   . . .      SeeInvis .   e - +0 dagger
rCold   . . .      Faith    .   g - orb {*channel}
rNeg    . . .      Spirit   .   a - +0 robe
rPois   .          Reflect  +   q - +1 helmet
rElec   .          Harm     .   (no cloak)
rCorr   .          Rampage  .   (no gloves)
Will    +....                   (no boots)
Stlth   ++........              x - amulet of reflection
HPRegen 0.12/turn               f - ring of willpower
MPRegen 0.21/turn               h - ring of magical power

@: lethally poisoned (-6 -> -8), slowed, very slow
A: no striking features
a: no special abilities


You were on level 5 of the Dungeon.
You visited 1 branch of the dungeon, and saw 5 of its levels.

You collected 231 gold pieces.

Inventory:

Hand Weapons
 e - a +0 dagger (weapon)
Armour
 a - a +0 robe (worn)
 g - an orb of energy (worn)
 i - a +0 helmet
 q - a +1 helmet (worn)
 r - a +2 ring mail of cold resistance
Jewellery
 f - a ring of willpower (left hand)
 h - a ring of magical power (right hand)
 l - a ring of protection from fire
 o - a +4 ring of evasion
 x - an amulet of reflection (around neck)
Wands
 u - a wand of iceblast (10)
Scrolls
 j - a scroll of silence
 k - a scroll of immolation
 t - a scroll of amnesia {unknown}
 v - a scroll of blinking {unknown}
 y - 3 scrolls of enchant weapon
Potions
 b - a potion of magic
 c - 2 potions of lignification {unknown}
 d - a potion of curing {unknown}
 n - 2 potions of degeneration {unknown}
 p - a potion of ambrosia {unknown}
 s - 2 potions of berserk rage {unknown}
 w - a potion of haste {unknown}
 z - a potion of attraction {unknown}
 A - a potion of brilliance {unknown}


   Skills:
 + Level 0.7 Fighting
 + Level 3.1 Dodging
 + Level 3.6 Stealth
 + Level 0.2 Shields
 + Level 7.0 Spellcasting
 + Level 6.9 Conjurations
 * Level 3.8 Evocations


You had 9 spell levels left.
You knew the following spells:

 Your Spells              Type           Power      Damage    Failure   Level
a - Magic Dart            Conj           100%       1d8       1%          1
b - Searing Ray           Conj           76%        2d7       1%          2
c - Iskenderun's Mystic   Conj/Tloc      22%        2d6       21%         4
d - Fulminant Prism       Conj/Hex       11%        3d9       21%         4

Your spell library contained the following spells:

 Spells                   Type           Power      Damage    Failure   Level
 Dazzling Flash           Conj/Hex       44%        N/A       6%          3
 Apportation              Tloc           14%        N/A       9%          1
 Necrotise                Necr           28%        1d5       9%          1
 Summon Small Mammal      Summ           28%        N/A       9%          1


Dungeon Overview and Level Annotations

Branches:
Dungeon (5/15)
 Temple: D:4-7

Altars:
Lugonu

Annotations:
D:2 Sigmund
D:3 1 runed translucent door


Message History

This spell is extremely dangerous to cast!
Memorise Fulminant Prism, consuming 4 spell levels and leaving 8?
You start memorising the spell.
You continue memorising. x4
You finish memorising.
Spell assigned to 'd'.
The magic dart hits the kobold brigand.
The kobold brigand is lightly wounded.
The magic dart hits the kobold brigand but does no damage.
The kobold brigand is lightly wounded.
The kobold shouts!
You hear a shout!
Casting: Magic Dart (safe; 1% risk of failure)
Confirm with . or Enter, or press ? or * to list all spells.
Aiming: Searing Ray (safe; 1% risk of failure)
Press: ? - help, Shift-Dir - straight line, f/p - kobold brigand
Aim: a kobold brigand, wielding a +1 dagger of distortion and quivering curare-tipped darts (lightly wounded, 76% to hit)
The searing ray hits the kobold brigand!
The kobold brigand is heavily wounded. (Press . to maintain the ray.)
The searing ray hits the kobold brigand.
The kobold brigand is almost dead.
The kobold brigand throws a curare-tipped dart.
The curare-tipped dart hits you.
You are poisoned.
You have difficulty breathing.
You feel yourself slow down.
The searing ray hits the kobold brigand!
You kill the kobold brigand!
You feel very sick.
You feel your intelligence returning.
Your Spellcasting skill increases to level 7!
The searing ray misses the kobold.
You finish channelling your searing ray.
You feel sick.
You feel sick.
The kobold hits you with a +0 dagger of distortion.
Space warps around you.
Unknown command.
You feel sick.
The kobold hits you with a +0 dagger of distortion.
* * * LOW HITPOINT WARNING * * *
Space warps horribly around you!
You die...

............#..#
####..........#..#
..........###.##.#
....<.....# #.##.#
..........# #....###
#
..........######...#
#
####......'......#.#
#
#......######.#.###
# ########
#@#...#### #####
##### #K..(....##
#.... #.#.#
#.........# #.###
##..# ##).......#
##.#
#.K.####.###'##.#
#..# #§..).'..#
#..#.###.###
§§K.K.'..#
##.#.......#
§§§§§.#####
#..###.##.# §##§§§##
##.....##.#


You could see a kobold.

Vanquished Creatures
  2 ogres
  A phantom (D:5)
  A kobold brigand (D:5)
  A scorpion (D:5)
  A necrophage (D:5)
  2 hounds (D:5)
  Jessica (D:3)
  4 iguanas
  Robin (D:3)
  5 adders
  A river rat (D:3)
  A shadow imp (D:5)
  An ufetubus (D:5)
  2 worms (D:3)
  The ghost of hawla the Firebug, a weakling MeFE (D:3)
  A dart slug (D:1)
  4 orcs
  2 endoplasms
  6 giant cockroaches
  17 goblins
  6 hobgoblins
  3 jackals (D:3)
  2 quokkas
  5 ball pythons
  2 bats
  3 kobolds
  6 rats
  A bush (D:4)
83 creatures vanquished.

Vanquished Creatures (others)
  3 plants (D:4)
3 creatures vanquished.

Grand Total: 86 creatures vanquished

Notes
Turn   | Place    | Note
-------+----------+-------------------------------------------
     0 | D:1      | javelincjr the Deep Elf Conjurer began the quest for the
                  | Orb.
     0 | D:1      | Reached XP level 1. HP: 10/10 MP: 6/6
   181 | D:1      | Reached XP level 2. HP: 15/15 MP: 1/8
   283 | D:1      | Learned a level 2 spell: Searing Ray
   864 | D:2      | Noticed a floating eye
   923 | D:2      | Noticed Sigmund
   931 | D:3      | Reached skill level 5 in Conjurations
  1010 | D:3      | Reached XP level 3. HP: 19/19 MP: 10/10
  1011 | D:3      | Noticed Robin
  1026 | D:3      | Killed Robin
  1027 | D:3      | Reached skill level 1 in Evocations
  1456 | D:3      | Reached XP level 4. HP: 8/24 MP: 11/11
  1470 | D:3      | Found a runed translucent door.
  1472 | D:3      | Noticed hawla's ghost (weakling MeFE)
  1615 | D:3      | Killed hawla's ghost
  1633 | D:3      | Reached skill level 4 in Spellcasting
  1659 | D:3      | Found a runed translucent door.
  1774 | D:3      | Noticed Jessica
  1782 | D:3      | Killed Jessica
  2196 | D:4      | Reached XP level 5. HP: 28/28 MP: 13/13
  2308 | D:4      | Noticed an ogre
  2319 | D:4      | Killed an ogre
  2320 | D:4      | Reached skill level 5 in Spellcasting
  2384 | D:4      | Reached XP level 6. HP: 33/33 MP: 15/15
  3874 | D:5      | Entered Level 5 of the Dungeon
  4111 | D:5      | Reached skill level 6 in Spellcasting
  4122 | D:5      | Reached XP level 7. HP: 37/37 MP: 15/18
  4206 | D:5      | Found a large runed translucent door.
  4207 | D:5      | Found a large runed translucent door.
  4266 | D:5      | Found a corrupted altar of Lugonu.
  4583 | D:5      | Learned a level 4 spell: Iskenderun's Mystic Blast
  4588 | D:5      | Learned a level 4 spell: Fulminant Prism
  4608 | D:5      | Reached skill level 7 in Spellcasting
  4610 | D:5      | Mangled by a kobold

Illustrated notes

Levels and vault maps discovered:
D:1:      dpeg_arrival_more_subterranean_lakeside_camping, layout_rooms
D:2:      layout_rooms, hellmonk_ecumenical_altar_watching_god, st_stairs_1,
          roderic_roman_lattice, uniq_sigmund
D:3:      kennysheep_big_flooded_room, layout_basic, ebering_ghost_sewer_f,
          portal_sewer_entry_a, uniq_robin, uniq_jessica
D:4:      layout_loops_corners, serial_forest, infiniplex_forest_zigzag_1,
          infiniplex_forest_lined_room_2, infiniplex_forest_straight_3,
          infiniplex_forest_clump_curved, infiniplex_forest_side_room,
          infiniplex_forest_join, infiniplex_forest_lined_2
D:5:      due_chaos_kobolds, layout_basic, demons_altar, serial_bayou_pond_e

Skill      XL: |  1  2  3  4  5  6  7 |
---------------+----------------------+-----
Conjurations   | 5 6 |  6.9
Evocations     | 1 2 3 |  3.8
Spellcasting   | 4 5 6 7 |  7.0
Stealth        | 3 |  3.6
Dodging        | 3 |  3.1
Fighting       | |  0.7
Shields        | |  0.2

Action                   |  1- 3 |  4- 6 |  7- 9 || total
-------------------------+-------+-------+-------++-------
Melee: Dagger            |     9 |   538 |       ||   547
 Cast: Magic Dart        |    63 |    69 |     2 ||   134
       Searing Ray       |     4 |    15 |     8 ||    27
  Use: Scroll            |     4 |       |     2 ||     6
Armor: Robe              |     4 |     4 |     2 ||    10
Dodge: Dodged            |    15 |    17 |     6 ||    38
Block: Orb               |       |     1 |     4 ||     5
